 Dungeon Crawl Stone Soup version 0.24-a0-459-g225fefd530 (webtiles) character file.

Game seed: 16640563765435914599

526 Peloso the Shield-Bearer (level 7, -11/60 HPs)
             Began as a Minotaur Fighter on June 28, 2019.
             Killed from afar by Dowan (20 damage)
             ... with a shard of ice
             ... on level 4 of the Dungeon.
             The game lasted 00:06:44 (3233 turns).

Peloso the Shield-Bearer (Minotaur Fighter)         Turns: 3233, Time: 00:06:44

Health: -11/60     AC: 10    Str: 26    XL:     7   Next: 2%
Magic:  6/6        EV:  9    Int:  5    God:
Gold:   150        SH: 11    Dex: 11    Spells: 6/6 levels left

rFire    . . .     SeeInvis .   a - +0 long sword
rCold    . . .     Gourm    .   c - +1 shield
rNeg     . . .     Faith    .   b - +0 scale mail
rPois    .         Spirit   .   (helmet restricted)
rElec    .         Reflect  .   o - +1 cloak
rCorr    .         Harm     .   (no gloves)
MR       .....                  k - +0 pair of boots
Stlth    ..........             (no amulet)
HPRegen  0.20/turn              (no ring)
MPRegen  0.10/turn              (no ring)

@: mighty
A: retaliatory headbutt, horns 2
a: no special abilities


You were on level 4 of the Dungeon.
You were hungry.

You visited 1 branch of the dungeon, and saw 4 of its levels.

You collected 150 gold pieces.

Inventory:

Hand Weapons
 a - a +0 long sword (weapon)
Armour
 b - a +0 scale mail (worn)
 c - a +1 shield (worn)
 k - a +0 pair of boots (worn)
 o - a +1 cloak (worn)
Jewellery
 r - an uncursed ring of wizardry {unknown}
 u - an uncursed ring of wizardry {unknown}
 x - a cursed ring of attention {unknown}
Wands
 t - a wand of flame (22)
 w - a wand of clouds (5)
Scrolls
 i - 3 scrolls of remove curse
 q - 3 scrolls of magic mapping
Potions
 j - a potion of magic
 m - 4 potions of curing {unknown}
 p - a potion of mutation {unknown}
 s - a potion of flight {unknown}
 v - a potion of heal wounds {unknown}
Comestibles
 f - 9 rations


   Skills:
 + Level 4.8 Fighting
 + Level 5.6 Long Blades
 + Level 5.4 Armour
 + Level 1.8 Dodging
 + Level 0.3 Stealth
 + Level 5.7 Shields


You had 6 spell levels left.
You didn't know any spells.
Your spell library contained the following spells:

 Spells                   Type           Power        Failure   Level  Hunger
 Confusing Touch          Hex            #.....       98%         1    ##.....
 Confuse                  Hex            #.......     100%        3    ####...
 Gell's Gravitas          Tloc           #.........   100%        3    ####...
 Petrify                  Tmut/Erth      #.......     100%        4    #####..
 Metabolic Englaciation   Hex/Ice        #.........   100%        5    ######.
 Yara's Violent Unravell  Hex/Tmut       #.........   100%        5    ######.


Dungeon Overview and Level Annotations

Branches:
Dungeon (4/15)
 Temple: D:4-7

Altars:
Cheibriados
Elyvilon
Hepliaklqana
Nemelex Xobeh
Zin

Annotations:
D:4 Dowan


Innate Abilities, Weirdness & Mutations

You reflexively headbutt those who attack you in melee.
You have a pair of horns on your head.


Message History

You block the orc's attack.
Unknown command.
You slash the orc!
You kill the orc!
Unknown command.
Dowan hits you with a +0 dagger.
Dowan gestures wildly while chanting.
Dowan blinks!
Found a stone staircase leading down.
Dowan casts a spell.
Dowan blinks!
Dowan gestures at you while chanting. The shard of ice hits you!!
* * * LOW HITPOINT WARNING * * *
You hear the drain falling apart.
Dowan points at you and mumbles some strange words.
You block the shard of ice. Dowan casts a spell at you.
The shard of ice hits you!!
You die...

# # *###### *......
##### *......
#...####### *......
*≈#@......# *......
*≈#.......##########
*≈#....e.......#####
*≈#..............)..
*≈#>.............)).
*≈#............###..
*≈#............# #..
*∩#.#..........# #..
*≈####.##......# #..


You could see Dowan.

Vanquished Creatures
  Duvessa (D:4)
  A scorpion (D:4)
  2 hounds (D:4)
  3 orc wizards
  A centaur skeleton (D:4)
  A worker ant (D:4)
  A gnoll (D:4)
  4 adders
  9 oozes
  3 worms
  2 dart slugs (D:2)
  A leopard gecko (D:4)
  4 orcs
  10 giant cockroaches
  2 goblins (D:1)
  12 hobgoblins
  6 jackals (D:1)
  7 kobolds
  2 quokkas (D:4)
  11 bats
  3 frilled lizards
  A leopard gecko skeleton (D:4)
  9 rats
96 creatures vanquished.

Vanquished Creatures (others)
  A giant cockroach (D:3)
1 creature vanquished.

Grand Total: 97 creatures vanquished

Notes
Turn   | Place    | Note
-------+----------+-------------------------------------------
     0 | D:1      | Peloso the Minotaur Fighter began the quest for the Orb.
     0 | D:1      | Reached XP level 1. HP: 19/19 MP: 0/0
     2 | D:1      | Found a runed translucent door.
    14 | D:1      | Reached XP level 2. HP: 25/27 MP: 1/1
    26 | D:1      | Reached XP level 3. HP: 16/33 MP: 2/2
   720 | D:1      | Reached XP level 4. HP: 39/40 MP: 3/3
  1707 | D:3      | Found a hazy altar of Hepliaklqana.
  1707 | D:3      | Found a sparkling altar of Nemelex Xobeh.
  1707 | D:3      | Found a snail-covered altar of Cheibriados.
  1841 | D:3      | Found a white marble altar of Elyvilon.
  1893 | D:3      | Reached XP level 5. HP: 47/47 MP: 4/4
  1897 | D:3      | Reached skill level 1 in Dodging
  1987 | D:3      | Found a glowing silver altar of Zin.
  2867 | D:4      | Reached skill level 5 in Shields
  2880 | D:4      | Reached skill level 5 in Armour
  2880 | D:4      | Reached XP level 6. HP: 26/53 MP: 5/5
  3151 | D:4      | Reached skill level 5 in Long Blades
  3205 | D:4      | Noticed Duvessa
  3207 | D:4      | Noticed Dowan
  3218 | D:4      | Killed Duvessa
  3218 | D:4      | Reached XP level 7. HP: 29/60 MP: 6/6
  3233 | D:4      | Killed from afar by Dowan

Levels and vault maps discovered:
D:1:      dpeg_arrival_caged_fury, layout_loops_ring
D:2:      layout_basic
D:3:      layout_basic, lemuel_crystal_altar, elyvilon_altar_4,
          gammafunk_temple_overflow_forgotten, first_ration,
          chequers_serial_rivers_micro_d
D:4:      layout_basic, portal_sewer_entry_d, cheibrodos_gnoll_hut, uniq_duvessa

Skill      XL: |  1  2  3  4  5  6 |
---------------+-------------------+-----
Shields        | 4 5 |  5.7
Armour         | 4 5 |  5.4
Fighting       | 4 |  4.8
Long Blades    | 3 4 5 |  5.6
Dodging        | 1 |  1.8
Stealth        | |  0.3

Action                   |  1- 3 |  4- 6 |  7- 9 || total
-------------------------+-------+-------+-------++-------
Melee: Long sword        |    77 |   176 |     1 ||   254
       Headbutt          |    14 |    29 |       ||    43
  Use: Scroll            |       |     7 |       ||     7
       Potion            |       |     1 |       ||     1
  Eat: Chunk             |       |     7 |       ||     7
Armor: Scale mail        |    63 |    85 |     1 ||   149
Dodge: Dodged            |    32 |    55 |       ||    87
Block: Shield            |    48 |   107 |     3 ||   158
       Rpst.: Long sword |     7 |    19 |       ||    26

Table legend:
 A = Non-vault XP
 B = Vault XP
 C = Vault XP percentage of total XP
 D = Non-vault monster count
 E = Vault monster count
 F = Vault count percentage of total count
                 A         B        C        D         E       F
            +---------+---------+-------+---------+---------+-------
      Total |     469 |     283 |  37.6 |      79 |      17 |  17.7
            +---------+---------+-------+---------+---------+-------
        D:1 |      66 |      42 |  38.9 |      30 |      13 |  30.2
        D:2 |      77 |       0 |   0.0 |      23 |       0 |   0.0
        D:3 |      63 |       0 |   0.0 |      12 |       0 |   0.0
        D:4 |     263 |     241 |  47.8 |      14 |       4 |  22.2
            +---------+---------+-------+---------+---------+-------
